 Dungeon Crawl Stone Soup version 0.29.1-debian-1-gc3f1650bb9 (webtiles) character file.

Game seed: 11399117865371871101

21901 ytrimaz the Fighter (level 12, -22/105 HPs)
             Began as a Demonspawn Gladiator on Sept 12, 2022.
             Annihilated by a komodo dragon (32 damage)
             ... on level 1 of the Lair of Beasts.
             The game lasted 00:16:43 (9728 turns).

ytrimaz the Fighter (Demonspawn Gladiator)          Turns: 9728, Time: 00:16:43

Health: -22/105    AC: 24    Str: 18    XL:     12   Next: 58%
Magic:  12/12      EV: 11    Int: 17    God:
Gold:   659        SH:  0    Dex: 16    Spells: 11/11 levels left

rFire   . . .      SeeInvis .   G - +4 war axe (chaos)
rCold   . . .      Faith    .   (no shield)
rNeg    . . .      Spirit   .   n - +1 plate armour
rPois   .          Reflect  .   c - +0 helmet
rElec   .          Harm     .   J - +0 cloak {rCorr}
rCorr   +          Rampage  .   N - +0 pair of gloves
Will    .....                   C - +0 pair of boots of Buguh {rCorr Int+7}
Stlth   ..........              k - amulet of regeneration
HPRegen 2.07/turn               v - ring "Neppoeto" {EV+4 Stlth+}
MPRegen 0.13/turn               (no ring)

@: hasted, very quick
A: yellow scales 1, powered by death 2, spiny 1, weakness stinger 2
a: no special abilities


You were on level 1 of the Lair of Beasts.
You visited 3 branches of the dungeon, and saw 12 of its levels.
You also visited: Bailey.

You collected 659 gold pieces.


Innate Abilities, Weirdness & Mutations

You are partially covered in yellow scales. (AC +2)
You regenerate health from kills.
You are partially covered in sharp spines.
You have a tail ending in a sharp stinger.


   Skills:
 + Level 13.2 Fighting
 - Level 8.4 Axes
 - Level 1.7 Throwing
 + Level 11.8 Armour
 - Level 3.2 Dodging


You had 11 spell levels left.
You didn't know any spells.
Your spell library contained the following spells:

 Spells                   Type           Power      Damage    Failure   Level
 Foxfire                  Conj/Fire      0%         2x1d4     99%         1
 Necrotise                Necr           0%         1d4       99%         1
 Blink                    Tloc           0%         N/A       100%        2
 Sublimation of Blood     Necr           0%         N/A       100%        2
 Inner Flame              Hex/Fire       0%         N/A       100%        3
 Kindle Blastsparks       Fire/Tloc/Air  0%         2d10      100%        3
 Vampiric Draining        Necr           0%         2d6       100%        3
 Cause Fear               Hex            0%         N/A       100%        4
 Flame Wave               Conj/Fire      0%         2d4       100%        4
 Leda's Liquefaction      Hex/Erth       0%         N/A       100%        4
 Manifold Assault         Tloc           0%         N/A       100%        4
 Petrify                  Tmut/Erth      0%         N/A       100%        4
 Summon Lightning Spire   Summ/Air       0%         N/A       100%        4
 Agony                    Necr           0%         N/A       100%        5
 Irradiate                Conj/Tmut      0%         3d11      100%        5
 Iskenderun's Battlesphe  Conj           0%         2d6       100%        5
 Lee's Rapid Deconstruct  Erth           0%         3d5*      100%        5
 Summon Forest            Summ/Tloc      0%         N/A       100%        5
 Enfeeble                 Hex            0%         N/A       100%        7
 Storm Form               Tmut/Air       0%         N/A       100%        7

Inventory:

Hand Weapons
 a - a +4 hand axe
   (You took it off an orc in a bailey)
 D - a +0 battleaxe of protection
   (You took it off a wight on level 6 of the Dungeon)
 F - a +4 mace of freezing
   (You took it off a wight on level 7 of the Dungeon)
 G - a +4 war axe of chaos (weapon)
   (You took it off an orc on level 8 of the Dungeon)
Missiles
 d - 3 throwing nets
 e - a javelin
 r - 6 silver javelins
Armour
 c - a +0 helmet (worn)
 n - a +1 plate armour (worn)
   (You found it on level 1 of the Dungeon)
 C - the +0 pair of boots of Buguh (worn) {rCorr Int+7}
   (You found it on level 6 of the Dungeon)

   Int:       It affects your intelligence (+7).
   rCorr:     It protects you from acid and corrosion.
 J - a +0 cloak of preservation (worn)
   (You found it in a bailey)
 K - a +0 chain mail of cold resistance
   (You found it in a bailey)
 N - a +0 pair of gloves (worn)
   (You found it on level 9 of the Dungeon)
Jewellery
 b - an amulet of magic regeneration
   (You found it on level 3 of the Dungeon)
 k - an amulet of regeneration (around neck)
   (You found it on level 1 of the Dungeon)
 v - the ring "Neppoeto" (left hand) {EV+4 Stlth+}
   (You took it off an orc wizard on level 8 of the Dungeon)

   [ring of evasion]

   EV:        It affects your evasion (+4).
   Stlth:     It makes you more stealthy.
Wands
 q - a wand of polymorph (13)
   (You took it off Natasha on level 2 of the Dungeon)
 u - a wand of flame (68) (quivered)
   (You took it off Eustachio on level 4 of the Dungeon)
Scrolls
 f - 6 scrolls of butterflies
 l - 2 scrolls of enchant weapon
 o - 2 scrolls of enchant armour
 p - 3 scrolls of noise
 w - a scroll of teleportation
 y - a scroll of magic mapping
 B - 3 scrolls of identify
 H - 2 scrolls of immolation
 L - a scroll of amnesia
 P - a scroll of brand weapon
Potions
 g - 4 potions of attraction
 h - 2 potions of cancellation
 i - 3 potions of curing
 j - 2 potions of flight
 m - a potion of ambrosia
 s - 2 potions of magic
 A - 2 potions of heal wounds
 E - 3 potions of brilliance
 I - 2 potions of resistance
 M - 2 potions of mutation

Dungeon Overview and Level Annotations

Branches:
Dungeon (10/15) Zot: 25337  Temple (1/1) D:6 Zot: 5721    Lair (1/5) D:8 Zot: 5992
 Bailey (visited)
    Orc: D:9-12

Altars:
Ashenzari
Cheibriados
Dithmenos
Fedhas
Gozag
Hepliaklqana
Kikubaaqudgha
Makhleb
Nemelex Xobeh
Okawaru
Qazlal
Ru
Sif Muna
Trog
Uskayaw
Vehumet
Wu Jian
Xom
Yredelemnul

Shops:
D:7 (

Annotations:
D:7 2 transporters
D:9 3 runed translucent doors, runemasterragnar's ghost, journeyman DrTm
D:10 Sonja

.. .# ###.#
##...#
###....#
.##......#
.....P..D###
#..@...#
#.l...##
#.......#
##........
#..........
#..........
P.........#
##..........


You could see a 13-headed hydra (petrified) and a komodo dragon (berserk, fast,
confused, very poisoned).


Message History

Unknown command.
Unknown command.
You lop one of the seven-headed hydra's heads off!
The six-headed hydra grows two more!
You slice the eight-headed hydra!! You tail-slap the eight-headed hydra.
You slash the komodo dragon!
The komodo dragon seems to speed up.
The komodo dragon barely misses you. 😕 HP[+1]
You completely miss the eight-headed hydra.
You closely miss the komodo dragon.
The eight-headed hydra bites you but does no damage.
The eight-headed hydra bites you! The eight-headed hydra bites you.
The eight-headed hydra bites you but does no damage.
The eight-headed hydra closely misses you.
The eight-headed hydra bites you!
The eight-headed hydra barely misses you.
The eight-headed hydra bites you but does no damage.
The komodo dragon bites you but does no damage. 😮 HP[-22]
You take 22 damage, and now have 77/105 hp.
MASSIVE DAMAGE!! (PAUSE)
You lop one of the eight-headed hydra's heads off!
The seven-headed hydra grows two more!
You slash the nine-headed hydra!
The nine-headed hydra is moving more slowly.
You tail-slap the nine-headed hydra. You punch the nine-headed hydra.
You hit the komodo dragon but do no damage.
You slash the rime drake! You burn the rime drake. The komodo dragon bites you!
The nine-headed hydra is struck by your spines.
The nine-headed hydra bites you but does no damage.
The nine-headed hydra bites you.
The nine-headed hydra bites you but does no damage.
The nine-headed hydra bites you!
The nine-headed hydra barely misses you.
The nine-headed hydra bites you but does no damage. x2
The nine-headed hydra bites you.
* * * LOW HITPOINT WARNING * * *
The nine-headed hydra bites you!
* * * LOW HITPOINT WARNING * * *
😨 HP[-34]
You take 34 damage, and now have 43/105 hp.
MASSIVE DAMAGE!! (PAUSE)
You chop one of the nine-headed hydra's heads off!
The eight-headed hydra grows two more!
You slash the ten-headed hydra! You freeze the ten-headed hydra.
You hit the komodo dragon.
The komodo dragon is poisoned.
You hit the rime drake.
The rime drake bites you but does no damage.
The komodo dragon bites you!
* * * LOW HITPOINT WARNING * * *
The ten-headed hydra barely misses you.
The ten-headed hydra bites you but does no damage.
The ten-headed hydra closely misses you.
The ten-headed hydra barely misses you.
The ten-headed hydra closely misses you. x2
The ten-headed hydra bites you but does no damage. x3
The ten-headed hydra barely misses you. 😨 HP[-12]
You take 12 damage, and now have 31/105 hp.
You slice one of the ten-headed hydra's heads off!
The nine-headed hydra grows two more!
You slash the 11-headed hydra! You slash the komodo dragon!
The komodo dragon appears confused.
You hit the rime drake but do no damage.
The rime drake breathes ice at you. The flash freeze misses you.
The komodo dragon bites you but does no damage. 😨 HP[+1] Unknown command.
You chop one of the 11-headed hydra's heads off!
The ten-headed hydra grows two more!
You slice the 12-headed hydra!!
Lightning courses through the 12-headed hydra!
You catch the helpless komodo dragon completely off-guard!
You hit the komodo dragon. You burn the komodo dragon.
You slash the rime drake! The komodo dragon bites you!
* * * LOW HITPOINT WARNING * * *
The rime drake bites you but does no damage.
The 12-headed hydra bites you.
* * * LOW HITPOINT WARNING * * *
The 12-headed hydra barely misses you.
The 12-headed hydra bites you but does no damage. x3
The 12-headed hydra bites you!
* * * LOW HITPOINT WARNING * * *
The 12-headed hydra bites you but does no damage. x3
The 12-headed hydra completely misses you.
The 12-headed hydra bites you.
* * * LOW HITPOINT WARNING * * *
The 12-headed hydra bites you but does no damage. 😱 HP[-24]
You take 24 damage, and now have 8/105 hp.
MASSIVE DAMAGE!! (PAUSE)
You lop one of the 12-headed hydra's heads off!
The 11-headed hydra grows two more!
You slice the 13-headed hydra!! You burn the 13-headed hydra!
You hit the komodo dragon but do no damage.
The komodo dragon goes berserk!
You slash the rime drake!
You kill the rime drake!
The 13-headed hydra stops moving altogether!
The komodo dragon bites you but does no damage.
The komodo dragon is struck by your spines.
The komodo dragon bites you!!
You die...

Skill      XL: |  1  2  3  4  5  6  7  8  9 10 11 |
---------------+----------------------------------+-----
Dodging        | 3 |  3.2
Fighting       | 3 4 5 6 8 10 12 13 | 13.2
Armour         | 1 3 4 5 7 9 10 11 | 11.8
Axes           | 3 8 |  8.4
Throwing       | |  1.7

Action                   |  1- 3 |  4- 6 |  7- 9 | 10-12 || total
-------------------------+-------+-------+-------+-------++-------
Melee: War axe           |    43 |    81 |   107 |   260 ||   491
       Unarmed           |     6 |     4 |       |       ||    10
       Punch             |       |       |     7 |     1 ||     8
       Battleaxe         |       |       |    26 |       ||    26
       Mace              |       |       |   126 |     5 ||   131
       Tailslap          |       |       |       |    19 ||    19
Throw: Throwing net      |       |       |       |     3 ||     3
Evoke: Wand              |       |       |       |    11 ||    11
  Use: Scroll            |     6 |     5 |    16 |     7 ||    34
       Potion            |       |     3 |     6 |     4 ||    13
 Stab: Sleeping          |     1 |       |       |       ||     1
       Paralysed         |       |       |       |     8 ||     8
       Confused          |       |       |       |     2 ||     2
Armor: Leather armour    |    12 |       |       |       ||    12
       Plate armour      |    14 |    51 |   247 |   269 ||   581
       Skin              |     1 |       |    91 |       ||    92
Dodge: Dodged            |    27 |    23 |   102 |   183 ||   335

Levels and vault maps discovered:
D:1:      spicycebolla_green_bress_n_ham_2, layout_basic, minmay_close_crescents
D:2:      layout_basic, hellmonk_ecumenical_altar_inner_sanctum, minivault_5,
          reono_crystal_passage, minmay_quadrilaterals, uniq_sigmund,
          uniq_natasha
D:3:      layout_loops_corners, old_standard_altar,
          amethyst_overflow_temple_binary, nicolae_ru_the_path_less_chosen
D:4:      layout_loops_ring, uniq_eustachio
D:5:      layout_basic
D:6:      layout_cave_pools, lemuel_crystal_altar, kennysheep_little_box,
          temple_hall, nicolae_sextant
D:7:      gammafunk_cloud_chamber, layout_basic, serial_shops,
          nicolae_shop_advertising_works [nicolae_subvault_shop_adworks],
          minmay_puff
D:8:      layout_basic, mainiacjoe_overflow_small_starburst,
          lemuel_coloured_pillars_altar, lair_entry_dummy, minmay_pinched_square
D:9:      layout_rooms, enter_bailey_5, gammafunk_ghost_hydra_chop
D:10:     layout_roguey, marbit_many_paths, amcnicky_mini_rare_corridor_liquid,
          uniq_sonja
Temple:   oiseaux_autumnal_temple
Lair:1:   layout_cave_pods, infiniplex_staircase_pool_2, uniq_urug

Notes
Turn   | Place    | Note
-------+----------+-------------------------------------------
     0 | D:1      | ytrimaz the Demonspawn Gladiator began the quest for the
                  | Orb.
     0 | D:1      | Reached XP level 1. HP: 16/16 MP: 1/1
     0 | D:1      | magus.rc [v1.9.6]
   135 | D:1      | Reached skill level 3 in Dodging
   135 | D:1      | Gained mutation: You are partially covered in sharp spines.
                  | [demonic ancestry]
   135 | D:1      | Reached XP level 2. HP: 20/23 MP: 2/2
   337 | D:1      | You add the spells Blink, Manifold Assault and Storm Form
                  | to your library.
   821 | D:2      | Noticed Natasha
   822 | D:2      | Noticed Sigmund
   825 | D:2      | Noticed a crimson imp
   860 | D:2      | Killed Natasha
   861 | D:2      | Reached skill level 3 in Fighting
   861 | D:2      | Reached skill level 1 in Armour
   861 | D:2      | Gained mutation: You regenerate a little health from kills.
                  | [demonic ancestry]
   861 | D:2      | Reached XP level 3. HP: 16/29 MP: 3/3
  1342 | D:2      | Reached XP level 4. HP: 32/35 MP: 4/4
  1397 | D:2      | Noticed Natasha
  1407 | D:2      | Killed Natasha
  1413 | D:2      | You add the spells Cause Fear, Iskenderun's Battlesphere
                  | and Enfeeble to your library.
  1413 | D:2      | Got the Collected Works on Harmful Glamour
  1425 | D:2      | Noticed Natasha
  1437 | D:2      | Killed Natasha
  1438 | D:2      | Reached skill level 2 in Armour
  1559 | D:2      | Killed Sigmund
  1560 | D:2      | Reached skill level 4 in Fighting
  1560 | D:2      | Reached skill level 3 in Armour
  1560 | D:2      | Reached XP level 5. HP: 40/43 MP: 5/5
  1560 | D:2      | Reached XP level 6. HP: 45/49 MP: 6/6
  1704 | D:2      | Found a faded altar of an unknown god.
  1927 | D:3      | Found a sparkling altar of Nemelex Xobeh.
  2007 | D:3      | You pick up a book of Alchemy and begin reading...
  2007 | D:3      | You add the spells Sublimation of Blood, Petrify and
                  | Irradiate to your library.
  2381 | D:3      | Reached skill level 5 in Fighting
  2439 | D:3      | Found a shadowy altar of Dithmenos.
  2449 | D:3      | Found a broken altar of Ashenzari.
  2688 | D:3      | Found a sacrificial altar of Ru.
  2819 | D:4      | Noticed Eustachio
  2847 | D:4      | Killed Eustachio
  2848 | D:4      | Reached skill level 4 in Armour
  2848 | D:4      | Reached XP level 7. HP: 54/56 MP: 7/7
  3044 | D:4      | Identified the +4 flail "Boax" {vorpal, Fragile rElec rC++}
  3073 | D:4      | Noticed a glowing shapeshifter
  3073 | D:4      | a quokka changed into a glowing shapeshifter
  3073 | D:4      | Noticed a dream sheep
  3073 | D:4      | a glowing shapeshifter changed into a dream sheep
  3076 | D:4      | Killed a dream sheep
  3077 | D:4      | Reached skill level 6 in Fighting
  3394 | D:5      | Entered Level 5 of the Dungeon
  3429 | D:5      | Reached skill level 5 in Armour
  4021 | D:5      | Reached XP level 8. HP: 65/65 MP: 8/8
  4224 | D:6      | Found a basalt altar of Yredelemnul.
  4280 | D:6      | Reached skill level 7 in Fighting
  4281 | D:6      | Identified the +0 pair of boots of Buguh {rCorr Int+7}
  4419 | D:6      | Reached skill level 6 in Armour
  4649 | D:6      | Reached skill level 8 in Fighting
  4687 | D:6      | Found an ornate altar of the Wu Jian Council.
  4877 | D:6      | Found a staircase to the Ecumenical Temple.
  4982 | Temple   | Entered the Ecumenical Temple
  5310 | D:7      | Reached skill level 3 in Axes
  5310 | D:7      | Reached skill level 7 in Armour
  5333 | D:7      | Gained mutation: You are partially covered in yellow
                  | scales. (AC +2) [demonic ancestry]
  5333 | D:7      | Reached XP level 9. HP: 50/75 MP: 9/9
  5618 | D:7      | You pick up a book of Flames and begin reading...
  5618 | D:7      | You add the spells Foxfire, Kindle Blastsparks, Inner Flame
                  | and Flame Wave to your library.
  5729 | D:7      | Reached skill level 9 in Fighting
  5730 | D:7      | Found Tyjayhesk's Weapon Shoppe.
  5806 | D:7      | Found a transporter.
  5868 | D:7      | Found a transporter.
  6039 | D:8      | Found an iron altar of Okawaru.
  6158 | D:8      | Noticed a manticore
  6171 | D:8      | Reached skill level 8 in Armour
  6184 | D:8      | Noticed an eight-headed hydra
  6212 | D:8      | Killed a manticore
  6213 | D:8      | Reached skill level 10 in Fighting
  6218 | D:8      | HP: 25/117 [eight-headed hydra (8)]
  6225 | D:8      | HP: 17/117 [wraith (8)]
  6389 | D:8      | HP: 19/77 [eight-headed hydra (9)]
  6663 | D:8      | Identified the ring "Neppoeto" {EV+4 Stlth+}
  6669 | D:8      | Killed an unseen horror
  6670 | D:8      | Reached skill level 9 in Armour
  6670 | D:8      | Gained mutation: You regenerate health from kills. [demonic
                  | ancestry]
  6670 | D:8      | Reached XP level 10. HP: 67/86 MP: 10/10
  7051 | D:8      | Found a staircase to the Lair.
  7084 | D:9      | Found a flagged portal.
  7102 | D:9      | You pick up a book of Necromancy and begin reading...
  7102 | D:9      | You add the spells Necrotise, Vampiric Draining and Agony
                  | to your library.
  7114 | Bailey   | Entered a bailey
  7187 | Bailey   | Noticed an orc knight
  7206 | Bailey   | Noticed a smoke demon
  7209 | Bailey   | HP: 17/86 [orc knight/+0 war axe (13)]
  7212 | Bailey   | Killed an orc knight
  7213 | Bailey   | Reached skill level 11 in Fighting
  7216 | Bailey   | Reached skill level 10 in Armour
  7388 | Bailey   | Found an iron altar of Okawaru.
  7401 | Bailey   | Noticed a rust devil
  7556 | D:9      | Noticed a two-headed ogre
  7565 | D:9      | Killed a two-headed ogre
  7566 | D:9      | Reached skill level 12 in Fighting
  7757 | D:9      | Found a runed translucent gate.
  7758 | D:9      | Found a runed translucent gate.
  7763 | D:9      | Noticed an orange demon
  7765 | D:9      | Found a runed translucent gate.
  7765 | D:9      | Noticed an 11-headed hydra
  7769 | D:9      | Gained mutation: You have a small tail. [demonic ancestry]
  7769 | D:9      | Reached XP level 11. HP: 94/95 MP: 11/11
  7773 | D:9      | Noticed runemasterragnar's ghost (journeyman DrTm)
  8111 | D:10     | Entered Level 10 of the Dungeon
  8219 | D:10     | Noticed a two-headed ogre
  8234 | D:10     | Killed a two-headed ogre
  8235 | D:10     | Reached skill level 11 in Armour
  8349 | D:10     | Noticed a two-headed ogre
  8364 | D:10     | Killed a two-headed ogre
  8429 | D:10     | Found an ancient bone altar of Kikubaaqudgha.
  8673 | D:10     | Noticed Sonja
  8698 | D:10     | HP: 18/97 [poisoned by Sonja]
  9039 | D:10     | Reached skill level 13 in Fighting
  9195 | D:8      | Killed a 12-headed hydra
  9367 | D:8      | You add the spells Leda's Liquefaction, Summon Lightning
                  | Spire, Lee's Rapid Deconstruction and Summon Forest to your
                  | library.
  9367 | D:8      | Got the Tome of the Creative Caves
  9495 | D:8      | Found a hazy altar of Hepliaklqana.
  9554 | D:8      | Reached skill level 8 in Axes
  9554 | D:8      | Gained mutation: You have a tail ending in a sharp stinger.
                  | [demonic ancestry]
  9554 | D:8      | Reached XP level 12. HP: 105/105 MP: 12/12
  9589 | Lair:1   | Entered Level 1 of the Lair of Beasts
  9589 | Lair:1   | Noticed a seven-headed hydra
  9727 | Lair:1   | HP: 26/105 [komodo dragon (7)]
  9727 | Lair:1   | HP: 9/105 [12-headed hydra (11)]
  9728 | Lair:1   | Annihilated by a komodo dragon

Vanquished Creatures
  A hydra (D:8)
  3 two-headed ogres
  An orc knight (Bailey)
  A manticore (D:8)
  An unseen horror (D:8)
  A rime drake (Lair:1)
  3 kobold demonologists
  A hornet (D:10)
  A dream sheep (shapeshifter) (D:4)
  Sigmund (D:2)
  2 wyverns
  2 wraiths
  A shadow (D:10)
  Eustachio (D:4)
  9 yaks
  A vampire (D:9)
  3 steam dragons
  A water moccasin (D:7)
  9 orc warriors (Bailey)
  An ice beast (D:7)
  2 sky beasts
  2 ogres (D:6)
  5 centaurs
  3 phantoms
  A kobold brigand (D:10)
  5 bullfrogs
  A necrophage (D:6)
  A scorpion (D:6)
  16 wights
  10 killer bees (D:9)
  A hound (D:4)
  3 jellies
  2 gnoll boudas
  5 iguanas
  Natasha (thrice) (D:2)
  10 orc wizards
  14 gnolls
  7 adders
  A white imp (D:6)
  2 dart slugs (D:1)
  20 orcs
  13 bats
  8 endoplasms
  4 giant cockroaches
  5 hobgoblins (Bailey)
  3 jackals (D:2)
  3 quokkas
  9 ball pythons
  8 frilled lizards
  15 goblins
  11 kobolds
  4 rats
241 creatures vanquished.

Vanquished Creatures (others)
  An orc wizard (D:8)
  4 plants (D:9)
5 creatures vanquished.

Grand Total: 246 creatures vanquished

Table legend:
 A = Non-vault XP
 B = Vault XP
 C = Vault XP percentage of total XP
 D = Non-vault monster count
 E = Vault monster count
 F = Vault count percentage of total count
                 A         B        C        D         E       F
            +---------+---------+-------+---------+---------+-------
      Total |   11078 |    6596 |  37.3 |     173 |      69 |  28.5
            +---------+---------+-------+---------+---------+-------
        D:1 |      28 |       8 |  22.2 |      17 |       4 |  19.0
        D:2 |     123 |     272 |  68.9 |      22 |       7 |  24.1
        D:3 |     126 |       0 |   0.0 |      22 |       0 |   0.0
        D:4 |     313 |     202 |  39.2 |       7 |       1 |  12.5
        D:5 |     369 |       0 |   0.0 |      13 |       0 |   0.0
        D:6 |    1076 |       0 |   0.0 |      13 |       0 |   0.0
        D:7 |     535 |     487 |  47.7 |      10 |       4 |  28.6
        D:8 |     816 |    2620 |  76.3 |      15 |      15 |  50.0
        D:9 |    3360 |       7 |   0.2 |      28 |       4 |  12.5
       D:10 |    3974 |     282 |   6.6 |      25 |       1 |   3.8
     Lair:1 |     358 |       0 |   0.0 |       1 |       0 |   0.0
     Bailey |       0 |    2718 | 100.0 |       0 |      33 | 100.0
            +---------+---------+-------+---------+---------+-------

Illustrated notes

Table legend:
 A = Kills in this place as a percentage of kills in entire the game.
 B = Kills by you in this place as a percentage of kills by you in the entire game.
 C = Kills by friends in this place as a percentage of kills by friends in the entire game.
 D = Other kills in this place as a percentage of other kills in the entire game.
 E = Experience gained in this place as a percentage of experience gained in the entire game.
 F = Experience gained in this place divided by the number of levels of this place that you have seen.
                   A       B       C       D       E      F
               +-------+-------+-------+-------+-------+----------------------
         Total | 100.0 | 100.0 |   N/A | 100.0 | 100.0 | 1359.5
       Dungeon |  86.0 |  85.8 |   N/A | 100.0 |  82.6 | 1459.8
          Lair |   0.4 |   0.4 |   N/A |   0.0 |   2.0 | 358.0
        Bailey |  13.6 |  13.8 |   N/A |   0.0 |  15.4 | 2718.0
               +-------+-------+-------+-------+-------+----------------------

Table legend: (Time is in decaauts)
 A = Elapsed time spent in this place.
 B = Non-inter-level travel time spent in this place.
 C = Inter-level travel time spent in this place.
 D = Time resting spent in this place.
 E = Time spent auto-exploring this place.
 F = Levels seen in this place.
 G = Mean time per level.
                   A        B        C        D        E       F      G
               +--------+--------+--------+--------+--------+-----+--------+
         Total |   9960 |   9549 |    411 |    973 |   6504 |  13 |  766.2 |
       Dungeon |   9282 |   8898 |    384 |    973 |   6105 |  10 |  928.2 |
        Temple |    278 |    252 |     26 |      0 |    238 |   1 |  278.0 |
          Lair |      7 |      7 |      0 |      0 |      0 |   1 |    7.0 |
        Bailey |    391 |    391 |      0 |      0 |    161 |   1 |  391.0 |
               +--------+--------+--------+--------+--------+-----+--------+

Top non-repeatable levels by time:
     D:8: 1476 daAuts
    D:10: 1016 daAuts
     D:2: 984 daAuts
     D:3: 976 daAuts
     D:7: 912 daAuts
     D:5: 846 daAuts
     D:1: 829 daAuts
     D:6: 805 daAuts
     D:9: 778 daAuts
     D:4: 657 daAuts
  Bailey: 391 daAuts
  Temple: 278 daAuts
  Lair:1: 7 daAuts
